 Dungeon Crawl Stone Soup version 0.20.1-1-g8b1a95d (webtiles) character file.

4629 panicbit the Cleaver (level 10, -6/88 HPs)
             Began as a Minotaur Fighter on July 5, 2017.
             Was a Believer of Okawaru.
             Mangled by a tengu warrior
             ... wielding a +0 great mace
              (14 damage)
             ... on level 8 of the Dungeon.
             The game lasted 00:20:14 (6892 turns).

panicbit the Cleaver (Minotaur Fighter)             Turns: 6892, Time: 00:20:15

Health: -6/88      AC:  9    Str: 21    XL:     10   Next: 19%
Magic:  8/10       EV: 18    Int:  5    God:    Okawaru [**....]
Gold:   376        SH: 14    Dex: 18    Spells: 9/9 levels left

rFire    . . .     SeeInvis .   a - +0 war axe
rCold    . . .     Gourm    .   c - +0 shield
rNeg     . . .     Faith    +   b - +0 scale mail
rPois    .         Spirit   .   (helmet restricted)
rElec    .         Reflect  .   (no cloak)
rCorr    .         Harm     .   (no gloves)
MR       .....                  (no boots)
Stlth    ++........             F - amulet of faith
Regen    0.3/turn               J - +5 ring of dexterity
MPRegen  0.2/turn               s - +2 ring of evasion

@: lethally poisoned (-6 -> -23), heroism
A: retaliatory headbutt, horns 2
a: Heroism, Renounce Religion


You were on level 8 of the Dungeon.
You worshipped Okawaru.
Okawaru was pleased with you.
You were not hungry.

You visited 2 branches of the dungeon, and saw 9 of its levels.

You collected 376 gold pieces.

Inventory:

Hand Weapons
 a - a +0 war axe (weapon)
 D - a +2 flail of venom
Armour
 b - a +0 scale mail (worn)
 c - a +0 shield (worn)
Jewellery
 e - an uncursed ring of poison resistance
 g - an uncursed ring of see invisible
 p - an uncursed amulet of rage
 s - a +2 ring of evasion (right hand)
 A - a +3 ring of slaying
 F - an amulet of faith (around neck)
 J - a +5 ring of dexterity (left hand)
Wands
 v - a wand of disintegration (15/24)
 x - a wand of iceblast (7/15)
 z - a wand of flame (12/48)
 G - a wand of confusion (38/48)
 H - a wand of digging (11/24)
 N - a wand of disintegration (9/24)
Scrolls
 l - 10 scrolls of identify {unknown}
 o - a scroll of blinking {unknown}
 q - a scroll of recharging {unknown}
 r - a scroll of fog {unknown}
 w - 4 scrolls of remove curse
 y - a scroll of enchant armour {unknown}
 B - a scroll of immolation {unknown}
 C - a scroll of teleportation {unknown}
 I - a scroll of holy word {unknown}
 K - 2 scrolls of amnesia {unknown}
 O - a scroll of enchant weapon {unknown}
Potions
 d - 3 potions of might
 h - a potion of brilliance {unknown}
 i - a potion of cancellation {unknown}
 j - a potion of lignification {unknown}
 m - 2 potions of ambrosia {unknown}
 n - a potion of heal wounds {unknown}
 t - a potion of flight {unknown}
 u - 2 potions of magic {unknown}
 E - a potion of agility
 M - a potion of curing {unknown}
Comestibles
 f - 6 bread rations
 k - a royal jelly


   Skills:
 + Level 8.0(13.0) Fighting
 + Level 11.6(16.6) Axes
 + Level 8.1(13.1) Armour
 + Level 3.4(8.4) Dodging
 + Level 1.0(6.0) Stealth
 + Level 8.0(13.0) Shields
 + Level 2.2 Evocations


You had 9 spell levels left.
You didn't know any spells.

Dungeon Overview and Level Annotations

Branches:
Dungeon (8/15)             Temple (1/1) D:5
   Lair: D:8-11

Altars:
Ashenzari
Cheibriados
Dithmenos
Elyvilon
Fedhas
Gozag
Kikubaaqudgha
Makhleb
Nemelex Xobeh
Okawaru
Qazlal
Ru
Sif Muna
Trog
Uskayaw
Vehumet
Xom
Yredelemnul
Zin
The Shining One


Innate Abilities, Weirdness & Mutations

You reflexively headbutt those who attack you in melee.
You have a pair of horns on your head.


Message History

You kill the tengu conjurer!
Okawaru accepts your kill.
Your base Armour skill increases to level 8!
Your base Shields skill increases to level 8!
* * * LOW HITPOINT WARNING * * *
You feel sick.
The tengu warrior hits you with a great mace.
* * * LOW HITPOINT WARNING * * *
You block the tengu warrior's attack.
The tengu warrior claws you but does no damage.
The battlesphere dissipates.
Your shield prevents you from hitting the tengu warrior.
The tengu warrior is heavily wounded.
* * * LOW HITPOINT WARNING * * *
You feel sick.
Unknown command.
* * * LOW HITPOINT WARNING * * *
You feel sick.
The tengu warrior hits you with a great mace!
You die...

#..##.###..###.#####..#
#..#.##..## ##.......#
#......## ##.###...# #
##....## #..# #...#
.8######....# #.## #...##
..##....#..## ##.####....#
..>#.......## ##...........
..##........####............
.8##$.....@..........<......
#......Q.§#............#.
#.....†..####.........###
#..........# ##.......## #
#.#####.....# #......#####
#.. #.....# ##.......... #.
#...... #.......... #.......
##......### #.###....
#....###


You could see a tengu warrior.

Vanquished Creatures
  An unseen horror (D:8)
  Pikel (D:4)
  An oklob plant (D:4)
  A tengu conjurer (D:8)
  Grinder (D:5)
  Prince Ribbit (D:5)
  Sigmund (D:5)
  The ghost of panicbit the Covered, an amateur MiFi (D:4)
  A hungry ghost (D:8)
  Duvessa (D:4)
  Edmund (D:5)
  An orc warrior (D:8)
  2 sky beasts
  3 ogres
  3 bullfrogs
  A water moccasin zombie (D:5)
  Dowan (D:4)
  A water moccasin skeleton (D:4)
  A howler monkey (D:4)
  4 wights (D:8)
  3 crimson imps
  3 hounds
  2 jellies (D:6)
  2 orc priests
  A centaur skeleton (D:4)
  A gnoll shaman (D:5)
  Natasha (twice) (D:2)
  3 orc wizards
  4 worker ants
  A hound skeleton (D:5)
  A worker ant zombie (D:5)
  7 adders
  12 gnolls
  2 shadow imps (D:7)
  2 adder skeletons
  8 worms
  3 dart slugs
  3 leopard geckos
  17 orcs
  2 ball pythons
  9 bats
  5 giant cockroaches
  8 goblins
  9 hobgoblins
  2 jackals (D:1)
  7 quokkas
  2 frilled lizards
  2 gnoll zombies (D:4)
  7 kobolds
  2 leopard gecko skeletons
  A leopard gecko zombie (D:7)
  A quokka skeleton (D:4)
  12 rats
  3 fungi (D:4)
  4 plants (D:4)
181 creatures vanquished.

Vanquished Creatures (others)
  2 slaves (D:4)
  A phantom (D:4)
  2 adders (D:4)
5 creatures vanquished.

Grand Total: 186 creatures vanquished

Notes
Turn   | Place    | Note
-------+----------+-------------------------------------------
     0 | D:1      | panicbit the Minotaur Fighter began the quest for the Orb.
     0 | D:1      | Reached XP level 1. HP: 19/19 MP: 0/0
    61 | D:1      | Reached XP level 2. HP: 26/27 MP: 1/1
   192 | D:1      | Reached skill level 3 in Axes
   590 | D:1      | Reached XP level 3. HP: 33/33 MP: 2/2
   705 | D:2      | Found a shimmering altar of Xom.
   707 | D:2      | Found a shimmering altar of Xom.
   709 | D:2      | Found a shimmering altar of Xom.
   710 | D:2      | Found a shimmering altar of Xom.
   710 | D:2      | Found a shimmering altar of Xom.
   711 | D:2      | Found a shimmering altar of Xom.
   725 | D:2      | You fall through a shaft!
  1036 | D:2      | Reached XP level 4. HP: 40/40 MP: 3/3
  1044 | D:2      | Reached skill level 4 in Axes
  1075 | D:2      | Noticed Natasha
  1086 | D:2      | Killed Natasha
  1390 | D:2      | Found a shadowy altar of Dithmenos.
  1427 | D:2      | Found an ancient bone altar of Kikubaaqudgha.
  1553 | D:2      | Reached XP level 5. HP: 44/47 MP: 4/4
  1818 | D:2      | Noticed Natasha
  1824 | D:2      | Killed Natasha
  1932 | D:3      | Found a sacrificial altar of Ru.
  2591 | D:4      | Noticed panicbit's ghost (amateur MiFi)
  2617 | D:4      | Killed panicbit's ghost
  2617 | D:4      | Reached skill level 5 in Axes
  2617 | D:4      | Reached skill level 1 in Dodging
  2617 | D:4      | Reached skill level 5 in Shields
  2617 | D:4      | Reached XP level 6. HP: 39/55 MP: 5/5
  2815 | D:4      | Reached skill level 5 in Fighting
  2815 | D:4      | Reached skill level 5 in Armour
  2911 | D:4      | Noticed a slave
  2912 | D:4      | Noticed Pikel
  2914 | D:4      | Noticed a slave
  2923 | D:4      | Killed Pikel
  2923 | D:4      | Reached skill level 6 in Axes
  2923 | D:4      | Reached skill level 1 in Evocations
  2923 | D:4      | Reached XP level 7. HP: 43/61 MP: 6/6
  2974 | D:4      | Noticed Duvessa
  2974 | D:4      | Noticed Dowan
  2983 | D:4      | Killed Duvessa
  2983 | D:4      | Reached skill level 7 in Axes
  2983 | D:4      | Reached XP level 8. HP: 70/70 MP: 8/8
  2986 | D:4      | Killed Dowan
  3182 | D:4      | Found a basalt altar of Yredelemnul.
  3224 | D:4      | Found a blossoming altar of Fedhas.
  3237 | D:4      | Noticed an oklob plant
  3277 | D:4      | Killed an oklob plant
  3277 | D:4      | Reached skill level 8 in Axes
  3974 | D:5      | Entered Level 5 of the Dungeon
  4016 | D:5      | Noticed Sigmund
  4033 | D:5      | Killed Sigmund
  4033 | D:5      | Reached skill level 9 in Axes
  4040 | D:5      | Found a staircase to the Ecumenical Temple.
  4050 | Temple   | Entered the Ecumenical Temple
  4276 | D:5      | Reached XP level 9. HP: 70/78 MP: 9/9
  4451 | D:5      | Found a sacrificial altar of Ru.
  4685 | D:5      | Noticed Grinder
  4690 | D:5      | Paralysed by Grinder for 4 turns
  4711 | D:5      | Killed Grinder
  4711 | D:5      | Reached skill level 1 in Stealth
  4746 | D:5      | Noticed a moth of wrath
  4748 | D:5      | Found a bloodstained altar of Trog.
  4882 | D:5      | Noticed Edmund
  4888 | D:5      | Killed Edmund
  4888 | D:5      | Reached skill level 10 in Axes
  4923 | D:5      | Noticed Prince Ribbit
  4936 | D:5      | Killed Prince Ribbit
  5290 | D:6      | Found a burning altar of Makhleb.
  5726 | Temple   | Became a worshipper of Warmaster Okawaru
  5839 | D:6      | Found a glowing silver altar of Zin.
  6363 | D:7      | Reached skill level 11 in Axes
  6644 | D:8      | Reached * piety under Okawaru
  6673 | D:8      | Noticed an unseen horror
  6681 | D:8      | Killed an unseen horror
  6681 | D:8      | Reached ** piety under Okawaru
  6681 | D:8      | Reached XP level 10. HP: 51/88 MP: 10/10
  6879 | D:8      | Noticed a tengu warrior
  6892 | D:8      | Mangled by a tengu warrior

Skill      XL: |  1  2  3  4  5  6  7  8  9 10 |
---------------+-------------------------------+-----
Fighting       | 4 5 6 7 8 |  8.0
Axes           | 3 4 5 6 7 9 11 | 11.6
Shields        | 4 5 6 7 8 |  8.0
Armour         | 4 6 7 8 |  8.1
Dodging        | 1 2 3 |  3.4
Evocations     | 1 2 |  2.2
Stealth        | 1 |  1.0

Action                   |  1- 3 |  4- 6 |  7- 9 | 10-12 || total
-------------------------+-------+-------+-------+-------++-------
Melee: War axe           |    66 |   138 |   252 |    21 ||   477
       Headbutt          |    11 |    25 |    60 |     4 ||   100
Invok: Heroism           |       |       |       |     1 ||     1
 Abil: Evoke Berserk Rag |       |     1 |     3 |       ||     4
  Use: Scroll            |       |     2 |     1 |       ||     3
 Stab: Paralysed         |       |       |     2 |       ||     2
       Invisible         |       |       |     1 |       ||     1
  Eat: Chunk             |       |     8 |     6 |     2 ||    16
       Fruit             |       |       |    10 |       ||    10
Armor: Scale mail        |    26 |    47 |    34 |     9 ||   116
Dodge: Dodged            |    24 |    47 |    75 |    10 ||   156
Block: Shield            |    34 |    63 |    99 |    16 ||   212
